 Dungeon Crawl Stone Soup version 0.31-a0-216-g22e908daa7 (webtiles) character file.

Game seed: 10690869707672370974

67 qw the Shooter (level 4, -5/26 HPs)
             Began as a Gargoyle Hexslinger on July 2, 2023.
             Killed from afar by Natasha (8 damage)
             ... with a magic dart
             ... on level 2 of the Dungeon.
             The game lasted 00:00:22 (829 turns).

qw the Shooter (Gargoyle Hexslinger)                 Turns: 829, Time: 00:00:23

Health: -5/26      AC: 10    Str: 11    XL:     4   Next: 18%
Magic:  5/5        EV: 10    Int: 14    God:
Gold:   3          SH:  0    Dex: 14    Spells: 4/5 levels left

rFire   . . .        Y - +1 sling
rCold   . . .        (no shield)
rNeg    + . .        e - +2 ring mail {rPois}
rPois   inf          (no helmet)
rElec   +            (no cloak)
rCorr   .            (no gloves)
SInv    .            (no boots)
Will    .....        (no amulet)
Stlth   +            (no ring)
HPRegen 0.24/turn    (no ring)
MPRegen 0.09/turn

%: no passive effects
@: no status effects
A: sickness immunity, AC +3, negative energy resistance 1, electricity
resistance, torment resistance 1, petrification resistance
a: no special abilities


You were on level 2 of the Dungeon.
You visited 1 branch of the dungeon, and saw 2 of its levels.

You collected 3 gold pieces.


Innate Abilities, Weirdness & Mutations

You are immune to sickness and miasma.
Your stone body is resilient. (AC +3)
You are immune to poison.
You resist negative energy. (rN+)
You are resistant to electric shocks. (rElec)
You are resistant to unholy torment.
You are immune to petrification.


   Skills:
 - Level 2.0 Fighting
 - Level 4.0 Ranged Weapons
 + Level 0.0 Armour
 - Level 1.5 Dodging
 - Level 1.0 Spellcasting
 - Level 2.6 Hexes


You had 4 spell levels left.
You knew the following spells:

 Your Spells              Type           Power      Damage    Failure   Level
a - Slow                  Hex            32%        N/A       22%         1

Your spell library contained the following spells:

 Spells                   Type           Power      Damage    Failure   Level
 Inner Flame              Hex/Fire       4%         N/A       73%         3
 Portal Projectile        Hex/Tloc       8%         N/A       73%         3
 Cause Fear               Hex            4%         N/A       91%         4

Inventory:

Hand Weapons
 Y - a +1 sling (weapon)
Armour
 e - a +2 ring mail of poison resistance (worn)
Jewellery
 c - a ring of fire
Scrolls
 a - 2 scrolls of identify
 d - a scroll of enchant weapon {unknown}
Potions
 b - 2 potions of haste {unknown}
 g - a potion of enlightenment

Dungeon Overview and Level Annotations

Branches:
Dungeon (2/15)

Altars:

Annotations:
D:2 Natasha


Message History

Natasha casts a spell at you. The magic dart hits you!
You shoot a sling bullet.
The sling bullet closely misses Natasha.
You shoot a sling bullet.
The sling bullet closely misses Natasha.
You shoot a sling bullet. The sling bullet hits Natasha.
Natasha is heavily wounded.
Natasha mumbles some strange words.
You shoot a sling bullet. The sling bullet hits Natasha.
Natasha is severely wounded.
Natasha claws you. The cerulean imp barely misses you.
You shoot a sling bullet. The sling bullet hits Natasha.
Natasha is almost dead.
Natasha closely misses you.
The cerulean imp hits you but does no damage.
You shoot a sling bullet.
The sling bullet closely misses Natasha.
Natasha growls.
Natasha claws you but does no damage. The cerulean imp misses you.
Natasha claws you. The cerulean imp completely misses you.
You shoot a sling bullet. The sling bullet barely misses Natasha.
Natasha claws you!
The cerulean imp hits you with a +2 spear.
You shoot a sling bullet. The sling bullet barely misses Natasha.
Natasha mewls in sadness.
Natasha claws you. The cerulean imp barely misses you.
You shoot a sling bullet. The sling bullet hits Natasha.
You kill Natasha!
Natasha screams in fury as she dies!
The cerulean imp disappears in a puff of smoke!
Your Ranged Weapons skill increases to level 4!
You have reached level 4!
You feel clever.
You start resting.
Natasha, Servant of Life and Death comes into view.
828 ||| FLEEEEING.
829 ||| FLEEEEING.
Natasha stares at you and mumbles some strange words.
The magic dart hits you!
You die...

. .. ............ #>
####...........# #. #..
...........###. #.# #.#
#............. #..##.##
#...........
##.....###.........# .#
#.......##.........##..##
...#.###.##.....@..$...h.#
.# #.# #.............###..
####.#####..........##
......####..........#
###....##...........#
#..##....#.#.....#..#
##.####..##..#######..#
#..# #........# #.# ..##
#...###.......# ..#


You could see Natasha.

Vanquished Creatures
  Natasha (D:2)
  An adder (D:1)
  6 ball pythons
  4 endoplasms
  2 giant cockroaches (D:1)
  3 goblins
  2 hobgoblins
  5 bats
  5 frilled lizards (D:1)
  3 rats (D:1)
32 creatures vanquished.

Notes
Turn   | Place    | Note
-------+----------+-------------------------------------------
     0 | D:1      | qw the Gargoyle Hexslinger began the quest for the Orb.
     0 | D:1      | Reached XP level 1. HP: 12/12 MP: 2/2
     0 | D:1      | 0 ||| qw: Version: 0.3-a-35-g05ef00e
     0 | D:1      | 0 ||| qw: Game counter: 7836
     0 | D:1      | 0 ||| qw: Melee chars always use a shield: true
     0 | D:1      | 0 ||| qw: God list: Okawaru
     0 | D:1      | 0 ||| qw: Allow faded altars: false
     0 | D:1      | 0 ||| qw: Do Orc after clearing Dungeon:15 true
     0 | D:1      | 0 ||| qw: Do second Lair branch before Depths: true
     0 | D:1      | 0 ||| qw: Lair rune preference: random
     0 | D:1      | 0 ||| qw: Goals: Normal
     0 | D:1      | 0 ||| PLANNING D:1-11
    59 | D:1      | Reached XP level 2. HP: 16/16 MP: 3/3
   222 | D:1      | Reached skill level 3 in Ranged Weapons
   423 | D:1      | Reached XP level 3. HP: 21/21 MP: 4/4
   650 | D:1      | 650 ||| UPGRADING to +2 ring mail of poison resistance.
   660 | D:1      | 660 ||| DROPPING +0 robe.
   661 | D:1      | 661 ||| READING 3 scrolls labelled ZOLAISTR ZAREFA.
   662 | D:1      | 662 ||| READING scroll labelled JIOVOB WEONO.
   663 | D:1      | 663 ||| DRINKING 2 ruby potions.
   664 | D:1      | 664 ||| DROPPING scroll of poison.
   722 | D:2      | 722 ||| STAIRDANCE
   814 | D:2      | Noticed Natasha
   822 | D:2      | HP: 5/21 [cerulean imp/+2 spear[Natasha] (1)]
   823 | D:2      | HP: 1/21 [Natasha (4)]
   824 | D:2      | Killed Natasha
   825 | D:2      | Reached skill level 4 in Ranged Weapons
   825 | D:2      | Reached XP level 4. HP: 2/26 MP: 5/5
   827 | D:2      | Noticed Natasha
   828 | D:2      | 828 ||| FLEEEEING.
   829 | D:2      | 829 ||| FLEEEEING.
   829 | D:2      | Killed from afar by Natasha

Levels and vault maps discovered:
D:1:      dpeg_arrival_central, layout_basic, minmay_misc_feat_rugged,
          minmay_lizard_pond
D:2:      minmay_chambers_of_ones, layout_rooms, uniq_natasha

Skill      XL: |  1  2  3 |
---------------+----------+-----
Ranged Weapons | 3 4 |  4.0
Fighting       | 2 |  2.0
Dodging        | |  1.5
Spellcasting   | |  1.0
Hexes          | |  2.6

Action                     |  1- 3 |  4- 6 || total
---------------------------+-------+-------++-------
   Fire: Sling             |   101 |       ||   101
    Use: Scroll            |     2 |       ||     2
         Potion            |     1 |       ||     1
 Armour: Robe              |    17 |       ||    17
         Ring mail         |    16 |       ||    16
  Dodge: Dodged            |    40 |       ||    40

Table legend:
 A = Non-vault XP
 B = Vault XP
 C = Vault XP percentage of total XP
 D = Non-vault monster count
 E = Vault monster count
 F = Vault count percentage of total count
                 A         B        C        D         E       F
            +---------+---------+-------+---------+---------+-------
      Total |      57 |      40 |  41.2 |      27 |       5 |  15.6
            +---------+---------+-------+---------+---------+-------
        D:1 |      46 |       4 |   8.0 |      21 |       4 |  16.0
        D:2 |      11 |      36 |  76.6 |       6 |       1 |  14.3
            +---------+---------+-------+---------+---------+-------
